 Dungeon Crawl Stone Soup version 0.32-a0-876-gcfddb08e57 (webtiles) character file.

Game seed: 16894395890088437529

9682 porpoise the Cleaver (level 11, -1/84 HPs)
             Began as a Demonspawn Fighter on Apr 1, 2024.
             Was a Follower of Qazlal.
             Slain by a polar bear (24 damage)
             ... on level 1 of the Lair of Beasts.
             The game lasted 00:27:16 (11306 turns).

porpoise the Cleaver (Demonspawn Fighter)          Turns: 11306, Time: 00:27:16

Health: -1/84      AC: 19    Str: 20    XL:     11   Next: 26%
Magic:  17/17      EV: 10    Int:  9    God:    Qazlal [*.....]
Gold:   739        SH:  8    Dex: 13    Spells: 10/10 levels left

rFire   + . .        w - +8 flail "Ydepp" {venom, rCorr}
rCold   + . .        c - +1 buckler
rNeg    . . .        e - +0 scale mail
rPois   .            T - +2 helmet
rElec   .            Q - scarf {rC+ rF+}
rCorr   +            h - +0 pair of gloves
SInv    .            C - +0 pair of boots
Will    .....        u - amulet of the acrobat Stlth
                     (no ring)
HPRegen 0.34/turn    (no ring)
MPRegen 0.30/turn

%: acrobat
@: sanguine armoured
A: ignite blood 1, magic regeneration, sanguine armour 1, weakness stinger 2
a: Renounce Religion


You were on level 1 of the Lair of Beasts.
You worshipped Qazlal.
Qazlal was aware of your devotion.
You visited 3 branches of the dungeon, and saw 12 of its levels.

You collected 739 gold pieces.

Inventory:

Hand Weapons
 a - a +0 war axe of freezing
 b - a +0 sling
 w - the +8 flail "Ydepp" (weapon) {venom, rCorr}
   (You found it on level 3 of the Dungeon)

   rCorr:     It protects you from acid and corrosion.
 E - a +2 eveningstar of draining
Missiles
 z - 9 boomerangs (quivered)
 K - 6 javelins
 S - a throwing net
 W - 3 poisoned darts
Armour
 c - a +1 buckler (worn)
 e - a +0 scale mail (worn)
 h - a +0 pair of gloves (worn)
 C - a +0 pair of boots (worn)
 L - +0 steam dragon scales
 M - a +0 tower shield
 O - the +4 ring mail "Zele" {rF+ rC+ Str-5 Stlth+}
   (You found it on level 7 of the Dungeon)

   Str-5:     It affects your strength (-5).
   rF+:       It protects you from fire.
   rC+:       It protects you from cold.
   Stlth+:    It makes you more stealthy.
 Q - a scarf of resistance (worn)
 T - a +2 helmet (worn)
 U - a +0 kite shield
 X - a +0 troll leather armour
Jewellery
 t - an amulet of faith
 u - an amulet of the acrobat (around neck)
 y - a ring of wizardry
 R - a ring of ice
Wands
 f - a wand of charming (6)
 o - a wand of quicksilver (1)
 G - a wand of iceblast (25)
 N - a wand of polymorph (7)
Scrolls
 g - 4 scrolls of identify
 j - 2 scrolls of poison
 k - 7 scrolls of teleportation
 n - 2 scrolls of vulnerability
 q - a scroll of silence
 r - 2 scrolls of brand weapon
 s - a scroll of blinking
 v - a scroll of amnesia
 A - a scroll of enchant weapon
 B - a scroll of torment
 D - a scroll of immolation
 H - a scroll of enchant armour
 I - 2 scrolls of revelation
 V - 2 scrolls of fear
Potions
 d - 2 potions of might
 i - 2 potions of lignification
 l - a potion of mutation
 m - 2 potions of heal wounds
 p - 2 potions of enlightenment
 x - 3 potions of cancellation
 F - a potion of brilliance
 J - 4 potions of haste
 P - 2 potions of curing
 Y - 2 potions of invisibility


   Skills:
 - Level 7.0 Fighting
 * Level 11.0 Axes
 - Level 5.0 Armour
 + Level 4.8 Dodging
 - Level 5.0 Shields
 + Level 8.0 Invocations
 - Level 5.0 Evocations


You had 10 spell levels left.
You didn't know any spells.
Your spell library contained the following spells:

 Spells                   Type           Power      Damage    Failure   Level
 Apportation              Tloc           0%         N/A       80%         1
 Necrotise                Necr           0%         1d4       80%         1
 Shock                    Conj/Air       0%         1d3       80%         1
 Sting                    Conj/Alch      0%         1d3       80%         1
 Summon Small Mammal      Summ           0%         N/A       80%         1
 Blink                    Tloc           0%         N/A       90%         2
 Lesser Beckoning         Tloc           0%         N/A       90%         2
 Momentum Strike          Conj/Tloc      0%         3d8       90%         2
 Call Canine Familiar     Summ           0%         N/A       99%         3
 Sigil of Binding         Hex            0%         N/A       99%         3
 Swiftness                Air            0%         N/A       99%         3
 Airstrike                Air            0%         2d(0-16)  100%        4
 Animate Armour           Summ/Erth      0%         N/A       100%        4
 Dimensional Bullseye     Hex/Tloc       0%         N/A       100%        4
 Leda's Liquefaction      Alch/Erth      0%         N/A       100%        4
 Petrify                  Alch/Erth      0%         N/A       100%        4
 Summon Lightning Spire   Summ/Air       0%         N/A       100%        4
 Lee's Rapid Deconstruct  Erth           0%         3d4*      100%        5
 Metabolic Englaciation   Hex/Ice        0%         N/A       100%        5


Dungeon Overview and Level Annotations

Branches:
Dungeon (10/15)            Temple (1/1) D:4            Lair (1/5) D:9
    Orc (0/2) D:10

Altars:
Ashenzari
Cheibriados
Dithmenos
Fedhas
Gozag
Hepliaklqana
Kikubaaqudgha
Makhleb
Nemelex Xobeh
Okawaru
Qazlal
Ru
Sif Muna
Trog
Uskayaw
Vehumet
Wu Jian
Xom
Yredelemnul

Shops:
D:2 (   D:3 !

Annotations:
D:9 exclusion: obsidian statue


Innate Abilities, Weirdness & Mutations

Your demonic aura sometimes causes spilled blood to erupt in flames.
You regenerate magic rapidly.
When seriously injured, your blood forms armour. (AC +6)
You have a tail ending in a sharp stinger.


Message History

You block the polar bear's attack.
The polar bear claws you but does no damage. x2
You sock the polar bear!
The polar bear looks as sick as possible!
The polar bear is moderately wounded.
You block the polar bear's attack. x2; The polar bear claws you.
You thump the polar bear!
The polar bear looks as sick as possible!
The polar bear is heavily wounded.
You block the polar bear's attack.
The polar bear claws you but does no damage.
You block the polar bear's attack.
You hit the polar bear.
The polar bear looks as sick as possible!
The polar bear is severely wounded.
The polar bear closely misses you. You block the polar bear's attack.
The polar bear claws you.
You hit the polar bear but do no damage.
The polar bear looks as sick as possible!
The polar bear is severely wounded.
The polar bear goes berserk!
You barely miss the polar bear.
The polar bear is severely wounded.
The polar bear bites you! The polar bear barely misses you.
You block the polar bear's attack. The polar bear bites you!!
Your blood congeals into armour.
The polar bear claws you but does no damage.
The polar bear claws you.
You hit the polar bear but do no damage.
The polar bear looks as sick as possible!
The polar bear is almost dead.
The polar bear bites you!!
* * * LOW HITPOINT WARNING * * *
The polar bear claws you but does no damage. x2
You block the polar bear's attack.
The polar bear claws you but does no damage. x2
You completely miss the polar bear.
The polar bear is almost dead.
The polar bear bites you!!
You die...

***
*#.####.#......###**,.,,,**,,
,,**#.#*
######.....#....,,**,,,
,,,..*,* #P.........,**,,,,
,*..**** ##..##....#.**,,,**
,,.,,* ##..##*##..#**,,,***
,,,,** ##..###*##,..#,,,,**,
,,,,,* ##.....#..#,,.#,,,***,
,,,,** #.....○..#...,#>,ß,**,
,,,,,* #...#@....#*,,*,,,**,,
,,,,** #.P.h##.###*,,*,,,***,
,,,** #.....###,**,,,,,,,,**
,,,* ###.#...#,,,,,,,*,,,**
,,,* *#.##.##*,*,,,,**,,,,
,*,* *...*##,***,,,,***,,,
,,,* ####,,,*,,,,,,,****,,
**,* **,,,,,,,,,,,,**** ,*,*
**,,,,,,,,,,****,


You could see a polar bear (berserk, extremely poisoned).

Vanquished Creatures
  2 two-headed ogres (D:10)
  Maggie (D:9)
  An unseen horror (D:7)
  A cane toad (Lair:1)
  2 trolls (D:10)
  A hornet (D:10)
  5 blink frogs (Lair:1)
  A shadow (D:10)
  A wraith (D:10)
  12 yaks
  A human (D:5)
  2 wargs (D:10)
  A steam dragon (D:7)
  An acid dragon (D:10)
  3 water moccasins
  A sky beast (D:7)
  3 ice beasts
  4 orc warriors
  A black bear (D:6)
  3 wolves (Lair:1)
  An ogre (D:4)
  4 centaurs
  2 phantoms
  2 bullfrogs
  A scorpion (D:6)
  7 wights (D:8)
  6 killer bees
  2 howler monkeys (D:9)
  2 bombardier beetles (D:4)
  2 hounds
  5 jellies
  Crazy Yiuf (D:5)
  Ijyb (D:5)
  4 orc priests
  5 orc wizards
  3 sleepcaps
  7 adders
  8 gnolls
  5 shadow imps
  2 white imps
  2 dart slugs (D:4)
  3 ribbon worms (D:2)
  37 orcs
  5 ball pythons
  7 endoplasms
  7 giant cockroaches
  2 goblins
  8 hobgoblins
  4 jackals (D:1)
  2 quokkas (D:4)
  3 bats
  2 frilled lizards
  A jackal skeleton (D:5)
  6 kobolds
  A rat (D:3)
207 creatures vanquished.

Notes
Turn   | Place    | Note
-------+----------+-------------------------------------------
     0 | D:1      | porpoise the Demonspawn Fighter began the quest for the
                  | Orb.
     0 | D:1      | Reached XP level 1. HP: 18/18 MP: 1/1
   236 | D:1      | Reached skill level 2 in Axes
   278 | D:1      | Gained mutation: You regenerate magic rapidly. [demonic
                  | ancestry]
   278 | D:1      | Reached XP level 2. HP: 24/24 MP: 2/2
  1077 | D:2      | Gained mutation: You have a small tail. [demonic ancestry]
  1077 | D:2      | Reached XP level 3. HP: 9/29 MP: 3/3
  1243 | D:2      | Found a faded altar of an unknown god.
  1260 | D:2      | Found a bloodstained altar of Trog.
  1480 | D:2      | Reached XP level 4. HP: 10/37 MP: 4/4
  1723 | D:2      | Found Noemaus's Antique Weapon Shoppe.
  1905 | D:3      | Found a bloodstained altar of Trog.
  2000 | D:3      | Found an iron altar of Okawaru.
  2001 | D:3      | Found a snail-covered altar of Cheibriados.
  2001 | D:3      | Found a sacrificial altar of Ru.
  2003 | D:3      | Found an ancient bone altar of Kikubaaqudgha.
  2110 | D:3      | Reached skill level 3 in Axes
  2135 | D:3      | Identified the +8 flail "Ydepp" {venom, rCorr}
  2233 | D:3      | Gained mutation: You have a tail ending in a sharp stinger.
                  | [demonic ancestry]
  2233 | D:3      | Reached XP level 5. HP: 42/42 MP: 5/5
  2247 | D:3      | You fall into a shaft and drop 1 floor!
  2356 | D:3      | Found Kuon's Distillery.
  2654 | D:4      | Noticed an ogre
  2667 | D:4      | Killed an ogre
  2668 | D:4      | Gained mutation: Your demonic aura sometimes causes spilled
                  | blood to erupt in flames. [demonic ancestry]
  2668 | D:4      | Reached XP level 6. HP: 27/49 MP: 6/6
  2883 | D:4      | Found a shimmering altar of Xom.
  2898 | D:4      | Identified the +6 spear of Vippiddy {freeze, Int+3}
  2933 | D:4      | Found a staircase to the Ecumenical Temple.
  2946 | D:4      | Found a radiant altar of Vehumet.
  2979 | Temple   | Entered the Ecumenical Temple
  3333 | D:4      | Reached skill level 5 in Fighting
  3410 | D:5      | Entered Level 5 of the Dungeon
  3537 | D:5      | Found a runed translucent door.
  3538 | D:5      | Noticed Crazy Yiuf
  3657 | D:5      | Noticed a water moccasin
  3661 | D:5      | Killed a water moccasin
  3662 | D:5      | Reached skill level 4 in Axes
  3701 | D:5      | Found an opulent altar of Gozag.
  3724 | D:5      | Gained mutation: When seriously injured, your blood forms
                  | armour. (AC +6) [demonic ancestry]
  3724 | D:5      | Reached XP level 7. HP: 56/56 MP: 7/7
  3956 | D:5      | Found a shadowy altar of Dithmenos.
  3959 | D:5      | Found a runed translucent door.
  3959 | D:5      | Noticed a human
  3965 | D:5      | Found a basalt altar of Yredelemnul.
  3973 | D:5      | Noticed Ijyb
  3981 | D:5      | Killed Ijyb
  4003 | D:5      | Killed a human
  4220 | D:5      | Killed Crazy Yiuf
  4319 | D:6      | Reached skill level 5 in Shields
  4418 | D:6      | Reached skill level 5 in Axes
  4459 | D:6      | Found a hazy altar of Hepliaklqana.
  4491 | D:6      | Reached XP level 8. HP: 45/65 MP: 8/8
  4674 | D:6      | Reached skill level 6 in Axes
  5130 | D:7      | Reached skill level 1 in Evocations
  5162 | D:7      | Found a broken altar of Ashenzari.
  5405 | D:7      | Killed an unseen horror
  5406 | D:7      | Reached skill level 7 in Axes
  5406 | D:7      | Reached XP level 9. HP: 56/72 MP: 9/9
  5502 | D:7      | Found a blossoming altar of Fedhas.
  5522 | D:7      | Found a stormy altar of Qazlal.
  5565 | D:7      | Became a worshipper of Qazlal Stormbringer
  5663 | D:7      | Identified the +4 ring mail "Zele" {rF+ rC+ Str-5 Stlth+}
  5718 | D:7      | Found an ornate altar of the Wu Jian Council.
  6110 | D:8      | Reached skill level 1 in Invocations
  6558 | D:8      | Reached skill level 8 in Axes
  6619 | D:8      | Reached skill level 5 in Armour
  7329 | D:8      | Found a sparkling altar of Nemelex Xobeh.
  7338 | D:8      | Reached skill level 5 in Evocations
  7462 | D:8      | Reached skill level 1 in Dodging
  7462 | D:8      | Reached XP level 10. HP: 34/79 MP: 13/13
  7959 | D:9      | Found a staircase to the Lair.
  8085 | D:9      | Noticed Maggie
  8099 | D:9      | Killed Maggie
  8100 | D:9      | Reached skill level 9 in Axes
  8353 | D:9      | Reached skill level 5 in Invocations
  8514 | D:9      | Noticed an obsidian statue
  8610 | D:9      | Reached * piety under Qazlal
  9155 | D:10     | Entered Level 10 of the Dungeon
  9695 | D:10     | Found a burning altar of Makhleb.
  9707 | D:10     | Found a hide-covered altar of Uskayaw.
  9715 | D:10     | Noticed a two-headed ogre
  9726 | D:10     | Killed a two-headed ogre
  9727 | D:10     | Reached skill level 10 in Axes
  9838 | D:10     | Noticed a two-headed ogre
  9844 | D:10     | Killed a two-headed ogre
  9972 | D:10     | Found a shimmering blue altar of Sif Muna.
 10139 | D:10     | Found a staircase to the Orcish Mines.
 10248 | D:10     | Reached XP level 11. HP: 62/84 MP: 16/16
 11076 | Lair:1   | Entered Level 1 of the Lair of Beasts
 11133 | Lair:1   | Reached skill level 11 in Axes
 11135 | Lair:1   | Reached ** piety under Qazlal
 11306 | Lair:1   | Slain by a polar bear

Illustrated notes

Levels and vault maps discovered:
D:1:      roadster_arrival_rocket_small, layout_basic
D:2:      layout_basic, serial_shops, shop, ebering_ecumenical_altar_webs,
          basic_altar, minmay_hedge_maze, minmay_domino_4
D:3:      layout_basic, mainiacjoe_overflow_six_doors_small,
          chequers_temple_overflow_statue_of_worship, serial_shops, shop_statue
D:4:      layout_loops_ring, old_standard_altar, vehumet_crystals,
          minmay_temple_entry_statues_pillars, minmay_misc_feat_diagonals,
          dk_noncrumbling_4
D:5:      layout_loops_cross, mainiacjoe_overflow_alcove_4,
          overflow_temple_1_default, dk_yredelemnul_ordeal,
          amcnicky_altar_gilded, uniq_crazy_yiuf_cottage, uniq_ijyb
D:6:      layout_loops_ring, mainiacjoe_overflow_chevrons
D:7:      layout_basic, grunt_temple_overflow_forces_of_nature,
          nicolae_ashenzari_skybound, mainiacjoe_overflow_alcove_2,
          lightli_orcish_oven
D:8:      layout_basic, lemuel_round_altar, mainiacjoe_overflow_surrounded_room
D:9:      layout_cave_pods, lair_entry_dummy, minmay_statue_bubble, uniq_maggie
D:10:     layout_layer_cave, mainiacjoe_overflow_small_starburst,
          grunt_temple_overflow_open, david_orc_1_choice
Temple:   ebering_the_one_and_only
Lair:1:   layout_cave_pods, portal_ice_cave_entry_ice_simulacra,
          beast_lair_carwin_10, grunt_megastairs_5

Skill      XL: |  1  2  3  4  5  6  7  8  9 10 11 |
---------------+----------------------------------+-----
Axes           | 2 3 4 5 7 8 10 11 | 11.0
Shields        | 3 4 5 |  5.0
Fighting       | 4 5 6 7 |  7.0
Armour         | 3 5 |  5.0
Evocations     | 2 5 |  5.0
Invocations    | 4 7 8 |  8.0
Dodging        | 1 4 |  4.8

Action                     |  1- 3 |  4- 6 |  7- 9 | 10-12 || total
---------------------------+-------+-------+-------+-------++-------
  Melee: War axe           |   110 |    25 |       |       ||   135
         Tailslap          |     4 |    10 |    31 |    25 ||    70
         Flail             |       |    70 |   218 |   181 ||   469
   Fire: Sling             |    14 |       |       |       ||    14
    Use: Scroll            |     2 |     4 |    14 |     6 ||    26
         Potion            |       |     1 |       |       ||     1
 Armour: Scale mail        |    93 |    80 |   172 |   176 ||   521
  Dodge: Dodged            |    41 |    34 |    93 |   107 ||   275
  Block: Buckler           |    31 |    25 |    55 |    90 ||   201

Table legend: (Time is in decaauts)
 A = Elapsed time spent in this place.
 B = Non-inter-level travel time spent in this place.
 C = Inter-level travel time spent in this place.
 D = Time resting spent in this place.
 E = Time spent auto-exploring this place.
 F = Levels seen in this place.
 G = Mean time per level.
                   A        B        C        D        E       F      G
               +--------+--------+--------+--------+--------+-----+--------+
         Total |  11468 |  11127 |    341 |   2652 |   6502 |  12 |  955.7 |
       Dungeon |  11222 |  10881 |    341 |   2513 |   6502 |  10 | 1122.2 |
        Temple |     13 |     13 |      0 |      0 |      0 |   1 |   13.0 |
          Lair |    232 |    232 |      0 |    139 |      0 |   1 |  232.0 |
               +--------+--------+--------+--------+--------+-----+--------+

Top non-repeatable levels by time:
    D:10: 1908 daAuts
     D:8: 1726 daAuts
     D:9: 1428 daAuts
     D:2: 1042 daAuts
     D:7: 978 daAuts
     D:4: 926 daAuts
     D:5: 903 daAuts
     D:1: 866 daAuts
     D:6: 801 daAuts
     D:3: 641 daAuts
  Lair:1: 232 daAuts
  Temple: 13 daAuts
